 Dungeon Crawl Stone Soup version 0.29-a0-275-g389c0b56f3 (webtiles) character file.

Game seed: 1923665316222734410

32 spaghetti the Shield-Bearer (level 3, -3/26 HPs)
             Began as an Octopode Fighter on Mar 12, 2022.
             Slain by Terence
             ... wielding a +0 short sword
              (8 damage)
             ... on level 2 of the Dungeon.
             The game lasted 00:01:08 (766 turns).

spaghetti the Shield-Bearer (Octopode Fighter)       Turns: 766, Time: 00:01:09

Health: -3/26      AC:  1    Str: 17    XL:     3   Next: 25%
Magic:  3/3        EV: 13    Int: 10    God:
Gold:   52         SH:  4    Dex: 11    Spells: 2/2 levels left

rFire   . . .      SeeInvis .   a - +0 war axe {axe}
rCold   . . .      Faith    .   b - +0 buckler
rNeg    . . .      Spirit   .   (helmet restricted)
rPois   .          Reflect  .   (no amulet)
rElec   .          Harm     .   (no ring)
rCorr   .          Rampage  .   (no ring)
Will    .....                   (no ring)
Stlth   ++........              (no ring)
HPRegen 0.08/turn               (no ring)
MPRegen 0.08/turn               (no ring)
                                (no ring)
                                (no ring)

@: no status effects
A: almost no armour, amphibious, 8 rings, camouflage 1, gelatinous body 1,
(nimble swimmer 1), tentacles
a: no special abilities


You were on level 2 of the Dungeon.
You visited 1 branch of the dungeon, and saw 2 of its levels.

You collected 52 gold pieces.


Innate Abilities, Weirdness & Mutations

You cannot wear most types of armour.
You are amphibious.
You can wear up to eight rings at the same time.
Your skin changes colour to match your surroundings (Stealth+).
Your rubbery body absorbs attacks. (AC +1, EV +1)
((You are camouflaged when in or above water. (Stealth+)))
You have tentacles for arms and can constrict up to eight enemies at once.


   Skills:
 - Level 3.0 Fighting
 - Level 2.0(2.7) Axes
 + Level 2.8(3.1) Maces & Flails
 - Level 3.0 Dodging
 - Level 3.0 Shields


You had 2 spell levels left.
You didn't know any spells.
Your spell library contained the following spells:

 Spells                   Type           Power      Damage    Failure   Level
 Call Canine Familiar     Summ           0%         N/A       83%         3
 Portal Projectile        Hex/Tloc       0%         N/A       83%         3
 Leda's Liquefaction      Hex/Erth       0%         N/A       99%         4

Inventory:

Hand Weapons
 a - a +0 war axe (weapon) {axe}
 e - a +1 dagger of freezing {short}
   (You took it off a goblin on level 1 of the Dungeon)
Missiles
 f - a stone (quivered) {throwing}
Armour
 b - a +0 buckler (worn)
Potions
 c - a potion of might
 d - 2 potions of curing {unknown}

Dungeon Overview and Level Annotations

Branches:
Dungeon (2/15)

Altars:

Annotations:
D:2 Terence

#.# #.# #.#
#####'####
#........ #
#......##..##
.#.####....K@......
...........@#
###.....# #.....#
#.....# #####.# #.#
.########.#
).........#
########..#


You could see Terence and a kobold.


Message History

There is a stone staircase leading up here.
There are monsters nearby!
Unknown command.
There are monsters nearby!
There are monsters nearby!
No target in range!
No target in range!
No target in range!
The orc shouts!
The endoplasm quivers.
The ball python hisses angrily.
The hobgoblin shouts!
A bat comes into view.
You hear a shout!
A kobold comes into view. It is wielding a +0 dagger.
The endoplasm freezes you.
You are frozen.
The orc misses you. 😕 HP[-5]
You take 5 damage, and now have 16/21 hp.
MASSIVE DAMAGE!! (PAUSE)
You barely miss the endoplasm. You hit the orc but do no damage.
The bat barely misses you. You block the orc's attack.
The endoplasm hits you. 😮 HP[-2]
You take 2 damage, and now have 14/21 hp.
You slash the endoplasm!
You kill the endoplasm!
You slash the orc!
You kill the orc!
You hit the bat. The bat hits you but does no damage.
The kobold throws a stone.
The stone closely misses you.
You have reached level 3!
Your experience leads to an increase in your attributes!
Increase (S)trength, (I)ntelligence, or (D)exterity?
You feel stronger. x2 😮 HP[+4] MP[+1]
You now have 26 max hp (+5).
You regained 4 hp, and now have 18/26 hp.
Your mp is fully restored (3).
You closely miss the ball python. You grab the ball python. You hit the bat.
You kill the bat!
You constrict the ball python.
You kill the ball python!
The kobold throws a stone.
The stone hits you. The hobgoblin misses you. 😮 HP[-1]
You take 1 damage, and now have 17/26 hp.
You slash the hobgoblin!
You kill the hobgoblin!
You barely miss the kobold. Your grab misses the kobold.
The kobold hits you with a +0 dagger. x2
* * * LOW HITPOINT WARNING * * *
😨 HP[-4]
You take 4 damage, and now have 13/26 hp.
You barely miss the kobold. You grab the kobold. You squeeze the kobold.
You kill the kobold!
You start resting. 😎 HP[+13]
Your hp is fully restored (26).
f - a stone {throwing}
Things that are here:
a +0 dagger {short}; a +0 hand axe {axe}; a kobold corpse
g - a scroll labelled FOASAS ROOF HIRR Key pressed, stopping explore.
A frilled lizard comes into view.
As you read the scroll labelled FOASAS ROOF HIRR, it crumbles to dust.
You hear a loud clanging noise!
It was a scroll of noise.
You hear a shout!
You hear an angry hiss.
You hear a bark!
You hear an angry hiss. x6
You block the frilled lizard's attack. The frilled lizard barely misses you.
You miss the frilled lizard. You grab the frilled lizard.
Your tentacle-slap misses the frilled lizard.
You constrict the frilled lizard.
You kill the frilled lizard!
Terence the Incautious comes into view.
He is wielding a +0 short sword.
Terence throws a stone.
The stone closely misses you.
Terence throws a stone.
The stone barely misses you.
A kobold opens the door.
Terence hits you with a +0 short sword. 😕 HP[-4]
You take 4 damage, and now have 22/26 hp.
You hit Terence but do no damage. You grab Terence.
You constrict Terence, but do no damage.
Terence hits you with a +0 short sword.
Terence hits you but does no damage. 😮 HP[-5]
You take 5 damage, and now have 17/26 hp.
You slash Terence! You squeeze Terence, but do no damage.
You constrict Terence. Terence hits you with a +0 short sword.
* * * LOW HITPOINT WARNING * * *
😨 HP[-6]
You take 6 damage, and now have 11/26 hp.
MASSIVE DAMAGE!! (PAUSE)
You hit Terence but do no damage. You squeeze Terence.
You closely miss the kobold.
You constrict Terence, but do no damage.
Terence hits you with a +0 short sword.
* * * LOW HITPOINT WARNING * * *
You block the kobold's attack.
The kobold hits you with a +2 dagger of venom.
* * * LOW HITPOINT WARNING * * *
Terence hits you with a +0 short sword!
You die...

Skill      XL: |  1  2 |
---------------+-------+-----
Maces & Flails | 1 2 |  2.8
Fighting       | |  3.0
Axes           | |  2.0
Dodging        | |  3.0
Shields        | |  3.0

Action                   || total
-------------------------++-------
Melee: War axe           ||    34
       Tentacles         ||     9
       Constrict         ||    11
  Use: Scroll            ||     1
 Stab: Sleeping          ||     3
Armor: Skin              ||     3
Dodge: Dodged            ||    25
Block: Buckler           ||     6

Levels and vault maps discovered:
D:1:      ncdulo_lavacross, layout_loops_corners,
          hellmonk_ecumenical_altar_crossroads, minmay_heptomino_d4
D:2:      layout_basic, minivault_5, minmay_lizard_king, uniq_terence

Notes
Turn   | Place    | Note
-------+----------+-------------------------------------------
     0 | D:1      | spaghetti the Octopode Fighter began the quest for the Orb.
     0 | D:1      | Reached XP level 1. HP: 16/16 MP: 1/1
     0 | D:1      | magus.rc [v1.9.6]
    45 | D:1      | Reached skill level 1 in Maces & Flails
    87 | D:1      | Reached XP level 2. HP: 17/21 MP: 2/2
   158 | D:1      | You pick up a book of the Hunter and begin reading...
   158 | D:1      | You add the spells Call Canine Familiar, Portal Projectile
                  | and Leda's Liquefaction to your library.
   172 | D:1      | Reached skill level 2 in Maces & Flails
   474 | D:1      | Found a faded altar of an unknown god.
   569 | D:2      | Reached XP level 3. HP: 18/26 MP: 3/3
   759 | D:2      | Noticed Terence
   766 | D:2      | HP: 5/26 [kobold/+2 dagger of venom (2)]
   766 | D:2      | Slain by Terence

Vanquished Creatures
  2 dart slugs (D:1)
  An orc (D:2)
  A ball python (D:2)
  4 endoplasms
  A giant cockroach (D:1)
  3 goblins (D:1)
  2 hobgoblins
  2 kobolds
  A quokka (D:1)
  2 bats
  2 frilled lizards
  3 rats (D:1)
24 creatures vanquished.

Vanquished Creatures (others)
  9 plants (D:2)
9 creatures vanquished.

Grand Total: 33 creatures vanquished

Table legend:
 A = Non-vault XP
 B = Vault XP
 C = Vault XP percentage of total XP
 D = Non-vault monster count
 E = Vault monster count
 F = Vault count percentage of total count
                 A         B        C        D         E       F
            +---------+---------+-------+---------+---------+-------
      Total |      36 |      10 |  21.7 |      20 |       4 |  16.7
            +---------+---------+-------+---------+---------+-------
        D:1 |      23 |      10 |  30.3 |      13 |       4 |  23.5
        D:2 |      13 |       0 |   0.0 |       7 |       0 |   0.0
            +---------+---------+-------+---------+---------+-------

Illustrated notes

Table legend:
 A = Kills in this place as a percentage of kills in entire the game.
 B = Kills by you in this place as a percentage of kills by you in the entire game.
 C = Kills by friends in this place as a percentage of kills by friends in the entire game.
 D = Other kills in this place as a percentage of other kills in the entire game.
 E = Experience gained in this place as a percentage of experience gained in the entire game.
 F = Experience gained in this place divided by the number of levels of this place that you have seen.
                   A       B       C       D       E      F
               +-------+-------+-------+-------+-------+----------------------
         Total | 100.0 | 100.0 |   N/A |   N/A | 100.0 |  23.0
       Dungeon | 100.0 | 100.0 |   N/A |   N/A | 100.0 |  23.0
               +-------+-------+-------+-------+-------+----------------------

Table legend: (Time is in decaauts)
 A = Elapsed time spent in this place.
 B = Non-inter-level travel time spent in this place.
 C = Inter-level travel time spent in this place.
 D = Time resting spent in this place.
 E = Time spent auto-exploring this place.
 F = Levels seen in this place.
 G = Mean time per level.
                   A        B        C        D        E       F      G
               +--------+--------+--------+--------+--------+-----+--------+
         Total |    779 |    743 |     36 |    151 |    456 |   2 |  389.5 |
       Dungeon |    779 |    743 |     36 |    151 |    456 |   2 |  389.5 |
               +--------+--------+--------+--------+--------+-----+--------+

Top non-repeatable levels by time:
     D:1: 574 daAuts
     D:2: 205 daAuts
